 Dungeon Crawl Stone Soup version 0.25.1-1-g288607f5aa (webtiles) character file.

Game seed: 7610255203497304902

330 protoss039 the Vexing (level 6, -1/47 HPs)
             Began as a Gnoll Arcane Marksman on July 25, 2020.
             Shot with an arrow by a centaur (6 damage)
             ... on level 4 of the Dungeon on July 26, 2020.
             The game lasted 00:08:26 (4283 turns).

protoss039 the Vexing (Gnoll Arcane Marksman)       Turns: 4283, Time: 00:08:27

Health: -1/47      AC:  2    Str: 13    XL:     6   Next: 51%
Magic:  3/11       EV: 15    Int: 17    God:
Gold:   215        SH:  0    Dex: 15    Spells: 1/11 levels left

rFire    . . .     SeeInvis .   a - +0 shortbow
rCold    . . .     Gourm    .   (shield currently unavailable)
rNeg     + . .     Faith    .   e - +0 robe
rPois    .         Spirit   .   (no helmet)
rElec    .         Reflect  .   (no cloak)
rCorr    .         Harm     .   (no gloves)
MR       .....                  (no boots)
Stlth    ++........             (no amulet)
HPRegen  0.15/turn              o - ring of positive energy
MPRegen  0.12/turn              (no ring)

@: no status effects
A: distributed training, fangs 1, strong nose
a: no special abilities


You were on level 4 of the Dungeon.
You were hungry.

You visited 1 branch of the dungeon, and saw 4 of its levels.

You collected 215 gold pieces.

Inventory:

Hand Weapons
 a - a +0 shortbow (weapon)
 i - a +0 dagger
Missiles
 r - 19 arrows (quivered)
Armour
 e - a +0 robe (worn)
Jewellery
 o - a ring of positive energy (left hand)
Scrolls
 b - 2 scrolls of amnesia {unknown}
 c - a scroll of blinking {unknown}
 h - a scroll of immolation {unknown}
 j - 4 scrolls of remove curse {unknown}
 l - 3 scrolls of fear {unknown}
 m - 4 scrolls of identify {unknown}
 n - 3 scrolls of teleportation {unknown}
 p - a scroll of random uselessness {unknown}
 q - a scroll of magic mapping {unknown}
 s - a scroll of enchant armour {unknown}
Potions
 d - a potion of brilliance {unknown}
 g - a potion of stabbing {unknown}
 k - a potion of berserk rage {unknown}
 t - a potion of degeneration {unknown}
Comestibles
 f - 4 rations


   Skills:
 + Level 3.2 Fighting
 + Level 2.0 Short Blades
 + Level 2.0 Long Blades
 + Level 2.0 Axes
 + Level 2.0 Maces & Flails
 + Level 2.0 Polearms
 + Level 2.0 Staves
 + Level 2.0 Slings
 + Level 5.0 Bows
 + Level 2.0 Crossbows
 + Level 2.0 Throwing
 + Level 2.0 Armour
 + Level 5.0 Dodging
 + Level 2.0 Stealth
 + Level 2.0 Shields
 + Level 2.0 Unarmed Combat
 + Level 3.4 Spellcasting
 + Level 1.5 Conjurations
 + Level 5.6 Hexes
 + Level 1.5 Charms
 + Level 1.5 Summonings
 + Level 1.5 Necromancy
 + Level 1.5 Translocations
 + Level 1.5 Transmutations
 + Level 1.5 Fire Magic
 + Level 1.5 Ice Magic
 + Level 1.5 Air Magic
 + Level 1.5 Earth Magic
 + Level 1.5 Poison Magic
 + Level 2.1 Invocations
 + Level 2.0 Evocations


You had one spell level left.
You knew the following spells:

 Your Spells              Type           Power        Failure   Level  Hunger
a - Corona                Hex            ###....      1%          1    None
b - Slow                  Hex            ###.....     2%          2    ##.....
c - Inner Flame           Hex/Fire       ###.....     12%         3    ###....
d - Cause Fear            Hex            ###.......   16%         4    ####...

Your spell library contained the following spells:

 Spells                   Type           Power        Failure   Level  Hunger
 Portal Projectile        Hex/Tloc       ###...       12%         3    ###....
 Leda's Liquefaction      Hex/Erth       ###.......   36%         4    ####...


Dungeon Overview and Level Annotations

Branches:
Dungeon (4/15)
 Temple: D:4-7

Altars:
Gozag


Innate Abilities, Weirdness & Mutations

Your experience applies equally to all skills.
You have very sharp teeth.
Your uncanny sense of smell can sniff out nearby items.


Message History

Okay, then.
Firing (i - inventory)
r - 20 arrows (quivered)
Press: ? - help, Shift-Dir - straight line, f/p - centaur
Aim: a centaur, wielding a +0 shortbow and quivering 14 arrows (lightly wounded, slow, softly glowing)
You shoot an arrow. The arrow hits the centaur.
The centaur is lightly wounded.
The centaur shoots an arrow.
The arrow closely misses you.
Unknown command.
Press: ? - help, v - describe, . - travel, g - get item
Here: a centaur, wielding a +0 shortbow and quivering 13 arrows (lightly wounded, slow, softly glowing) 2 arrows.
The floor.
Okay, then.
Casting: Corona (safe; 1% risk of failure)
Confirm with . or Enter, or press ? or * to list all spells.
The spell is quite dangerous to cast (16% risk of failure)!
Continue anyway?
The centaur resists with almost no effort.
You are feeling hungry.
The centaur shoots an arrow.
The arrow hits you.
You die...

# #..#...# .......
#..##.[.###.....#
..## ...c......# ...
..........# ###.
###...... #...# #.<#
##.(# #..@## ..
#...(### #..
#..#.....##.[.
....##......... ....
##..#..##.##
.....#......# .#
............# .##
............# #..# .
............##...##..


You could see a centaur (slow, corona).

Vanquished Creatures
  Grinder (D:3)
  A hound (D:4)
  4 adders (D:3)
  An ooze (D:3)
  2 worms
  2 dart slugs
  2 leopard geckos
  3 bats (D:1)
  2 giant cockroaches
  6 goblins
  5 hobgoblins
  5 jackals
  A quokka (D:3)
  7 frilled lizards
  4 kobolds
  11 rats
57 creatures vanquished.

Notes
Turn   | Place    | Note
-------+----------+-------------------------------------------
     0 | D:1      | protoss039 the Gnoll Arcane Marksman began the quest for
                  | the Orb.
     0 | D:1      | Reached XP level 1. HP: 17/17 MP: 4/4
   102 | D:1      | You fall into a shaft and drop 1 floor!
   445 | D:2      | Reached XP level 2. HP: 18/23 MP: 3/5
  1183 | D:1      | Reached XP level 3. HP: 28/28 MP: 7/7
  1835 | D:3      | Learned a level 2 spell: Slow
  1839 | D:3      | Learned a level 3 spell: Inner Flame
  1889 | D:3      | Reached skill level 1 in Invocations
  2211 | D:3      | Reached skill level 1 in Short Blades
  2211 | D:3      | Reached skill level 1 in Long Blades
  2211 | D:3      | Reached skill level 1 in Axes
  2211 | D:3      | Reached skill level 1 in Maces & Flails
  2211 | D:3      | Reached skill level 1 in Polearms
  2211 | D:3      | Reached skill level 1 in Staves
  2211 | D:3      | Reached skill level 1 in Slings
  2211 | D:3      | Reached skill level 1 in Crossbows
  2211 | D:3      | Reached skill level 1 in Throwing
  2211 | D:3      | Reached skill level 1 in Armour
  2211 | D:3      | Reached skill level 1 in Stealth
  2211 | D:3      | Reached skill level 1 in Shields
  2211 | D:3      | Reached skill level 1 in Unarmed Combat
  2211 | D:3      | Reached skill level 1 in Evocations
  2416 | D:3      | Reached XP level 4. HP: 17/34 MP: 2/8
  3057 | D:3      | Found an opulent altar of Gozag.
  3081 | D:3      | Noticed Grinder
  3111 | D:3      | Killed Grinder
  3111 | D:3      | Reached skill level 1 in Conjurations
  3111 | D:3      | Reached skill level 1 in Charms
  3111 | D:3      | Reached skill level 1 in Summonings
  3111 | D:3      | Reached skill level 1 in Necromancy
  3111 | D:3      | Reached skill level 1 in Translocations
  3111 | D:3      | Reached skill level 1 in Transmutations
  3111 | D:3      | Reached skill level 1 in Fire Magic
  3111 | D:3      | Reached skill level 1 in Ice Magic
  3111 | D:3      | Reached skill level 1 in Air Magic
  3111 | D:3      | Reached skill level 1 in Earth Magic
  3111 | D:3      | Reached skill level 1 in Poison Magic
  3111 | D:3      | Reached XP level 5. HP: 19/41 MP: 3/10
  3111 | D:3      | Reached XP level 6. HP: 22/47 MP: 3/11
  3891 | D:3      | Learned a level 4 spell: Cause Fear
  4007 | D:4      | Reached skill level 5 in Bows
  4007 | D:4      | Reached skill level 5 in Dodging
  4283 | D:4      | Shot with an arrow by a centaur

Illustrated notes

Levels and vault maps discovered:
D:1:      psy_arrival_conway, layout_basic, minmay_hedge_maze,
          grunt_decor_mini_mirrors, roderic_lattice_a
D:2:      layout_loops_ring, kennysheep_generic_room_11
D:3:      layout_basic, nicolae_gozag_cash_rules_everything_around_me,
          uniq_grinder
D:4:      layout_layer_cave, roderic_serpentine_path

Skill      XL: |  1  2  3  4  5  6 |
---------------+-------------------+-----
Invocations    | 1 2 |  2.1
Short Blades   | 1 2 |  2.0
Long Blades    | 1 2 |  2.0
Axes           | 1 2 |  2.0
Maces & Flails | 1 2 |  2.0
Polearms       | 1 2 |  2.0
Staves         | 1 2 |  2.0
Slings         | 1 2 |  2.0
Crossbows      | 1 2 |  2.0
Throwing       | 1 2 |  2.0
Armour         | 1 2 |  2.0
Stealth        | 1 2 |  2.0
Shields        | 1 2 |  2.0
Unarmed Combat | 1 2 |  2.0
Evocations     | 1 2 |  2.0
Spellcasting   | 3 |  3.4
Fighting       | 3 |  3.2
Conjurations   | 1 |  1.5
Charms         | 1 |  1.5
Summonings     | 1 |  1.5
Necromancy     | 1 |  1.5
Translocations | 1 |  1.5
Transmutations | 1 |  1.5
Fire Magic     | 1 |  1.5
Ice Magic      | 1 |  1.5
Air Magic      | 1 |  1.5
Earth Magic    | 1 |  1.5
Poison Magic   | 1 |  1.5
Bows           | 5 |  5.0
Dodging        | 5 |  5.0
Hexes          | |  5.6

Action                   |  1- 3 |  4- 6 || total
-------------------------+-------+-------++-------
Melee: Dagger            |    63 |    85 ||   148
       Bite              |     5 |    10 ||    15
       Punch             |       |     1 ||     1
 Fire: Shortbow          |    90 |    24 ||   114
 Cast: Corona            |    13 |    17 ||    30
       Slow              |     1 |    17 ||    18
       Cause Fear        |       |     1 ||     1
 Stab: Sleeping          |       |     1 ||     1
  Eat: Chunk             |     5 |     6 ||    11
Armor: Robe              |    11 |     8 ||    19
Dodge: Dodged            |    55 |    58 ||   113
